AoeStats
← Bandolero

Arabia

508298517Analyzed
1v1 RM · 10d ago on Sep 21, 2026· 46m 46s· 2 players
Game mode
Random Map
Map size
Tiny (2 player)
Population
200
Speed
Normal
Resources
Standard
Victory
Conquest
Starting age
Dark Age
Ending age
Imperial Age
RankedLock teamsTeams togetherTeam positionsShared explorationLock speedFull tech treeHidden civsTurbo modeCheats
Victory
Defeat
🇦🇷 Maya · Argentina
1326
+15
🇹🇷 Mongols · Türkiye
1296
-15
Venom
5:08 Loom
8:24 Feudal Age
9:38 Double-Bit Axe
12:57 Horse Collar
20:35 Castle Age
19:51 Scale Barding Armor
19:58 Bloodlines
21:51 Bow Saw
21:54 Forging
23:20 Chain Barding Armor
23:55 Husbandry
31:24 Wheelbarrow
32:45 Heavy Plow
37:07 Imperial Age
36:05 Iron Casting
35:21 Fletching
39:15 Blast Furnace
38:02 Light Cavalry
38:33 Capped Ram
38:56 Hussar
41:29 Onager
42:38 Drill
41:49 Cavalier
43:17 Siege Ram
46:10 Onager
Bandolero
0:26 Loom
9:00 Feudal Age
9:32 Double-Bit Axe
20:28 Castle Age
18:45 Gold Mining
19:06 Fletching
19:36 Padded Archer Armor
20:31 Crossbowman
21:09 Bodkin Arrow
24:13 Wheelbarrow
23:49 Bow Saw
27:20 Town Watch
27:33 Horse Collar
33:01 Imperial Age
31:00 Ballistics
30:51 Stone Mining
31:51 Thumb Ring
31:55 Heavy Plow
33:06 Arbalester
35:32 Conscription
35:25 Bracer
37:00 Chemistry
36:37 Leather Archer Armor
38:10 Ring Archer Armor
39:16 Scale Mail Armor
39:27 Forging
38:55 Capped Ram
40:20 Stone Shaft Mining
42:43 Two-Man Saw
42:00 Siege Ram
44:31 Fervor
Connection lost

Rejoining the realm…

Still unreachable

The connection could not be restored.

Session expired

The server has moved on; the page needs a fresh start.